 Dungeon Crawl Stone Soup version 0.30.0-5-g1a98f26d00 (webtiles) character file.

Game seed: 9666230513304161872

94 Pimp the Ruffian (level 4, 0/37 HPs)
             Began as a Ghoul Warper on May 8, 2023.
             Was an Initiate of Qazlal.
             Splashed by a jelly's acid (9 damage)
             ... on level 3 of the Dungeon on May 9, 2023.
             The game lasted 00:07:42 (2101 turns).

Pimp the Ruffian (Ghoul Warper)                     Turns: 2101, Time: 00:07:45

Health: 0/37       AC: -2    Str: 16    XL:     4   Next: 63%
Magic:  6/6        EV: 11    Int:  8    God:    Qazlal [......]
Gold:   57         SH:  0    Dex:  8    Spells: 7/7 levels left

rFire   + .          .
                       - Unarmed
rCold   + . .        (no shield)
rNeg    + + +        a - +0 leather armour
rPois   ∞            i - +2 hat
rElec   .            (no cloak)
rCorr   .            (no gloves)
SInv    .            (no boots)
Will    .....        (no amulet)
Stlth   +            d - ring of protection from fire
HPRegen 0.00/turn    (no ring)
MPRegen 0.10/turn

%: no passive effects
@: corroded, inhibited regen
A: claws 1, cold resistance 1, negative energy resistance 3, inhibited
regeneration, torment resistance 2, devour on kill
a: Renounce Religion


You were on level 3 of the Dungeon.
You worshipped Qazlal.
Qazlal was noncommittal.
You visited 1 branch of the dungeon, and saw 3 of its levels.

You collected 57 gold pieces.

Inventory:

Missiles
 c - 7 boomerangs of dispersal (quivered)
 j - 5 boomerangs
Armour
 a - a +0 leather armour (worn)
 i - a +2 hat (worn)
Jewellery
 d - a ring of protection from fire (left claw)
 e - an amulet of guardian spirit
Scrolls
 b - a scroll of blinking
 h - a scroll of teleportation
Potions
 f - a potion of invisibility {unknown}


   Skills:
 + Level 2.7 Fighting
 + Level 1.4 Throwing
 + Level 1.4 Armour
 + Level 2.1 Dodging
 * Level 3.2 Unarmed Combat
 + Level 2.1 Spellcasting
 + Level 3.0 Translocations


You had 7 spell levels left.
You didn't know any spells.
Your spell library contained the following spells:

 Spells                   Type           Power      Damage    Failure   Level
 Blink                    Tloc           10%        N/A       19%         2
 Lesser Beckoning         Tloc           10%        N/A       19%         2
 Teleport Other           Tloc           5%         N/A       36%         3
 Vhi's Electric Charge    Tloc/Air       6%         N/A       56%         3
 Manifold Assault         Tloc           5%         N/A       77%         4


Dungeon Overview and Level Annotations

Branches:
Dungeon (3/15)

Altars:
Ashenzari
Hepliaklqana
Kikubaaqudgha
Okawaru
Qazlal
Ru
Trog

Shops:
D:3 [


Innate Abilities, Weirdness & Mutations

You are immune to poison.
You have sharp fingernails.
Your flesh is cold resistant. (rC+)
You are immune to negative energy. (rN+++)
You do not regenerate when monsters are visible.
You are immune to unholy pain and torment.
You thrive by killing the living.


Message History

The worm is almost dead.
You barely miss the worm.
The worm is almost dead.
The worm closely misses you.
You scratch the worm but do no damage.
The worm is almost dead.
You scratch the worm.
You kill the worm!
Qazlal accepts your kill.
You feel better.
You see here a worm corpse.
You start resting.
HP restored.
There is an open door here.
f - a lumpy emerald potion A jelly and a frilled lizard come into view.
Found an iron altar of Okawaru.
The frilled lizard hisses angrily.
A kobold comes into view. It is wielding a +0 spear.
The frilled lizard moves out of view.
An endoplasm comes into view.
Found a broken altar of Ashenzari.
The kobold shouts!
The endoplasm quivers.
You hear a howl!
Found a bloodstained altar of Trog.
The jelly hits you. The acid corrodes you!
You are splashed with acid!
You scratch the jelly.
Your claws burn!
The jelly is moderately wounded.
The jelly hits you. The acid corrodes you!
You are splashed with acid!
The frilled lizard unfolds its giant frill.
The kobold barely misses you.
You scratch the jelly.
Your claws burn!
* * * LOW HITPOINT WARNING * * *
You claw the jelly.
The jelly is heavily wounded.
The jelly hits you.
* * * LOW HITPOINT WARNING * * *
You are splashed with acid!
You die...

÷........###.##
########.#.#.## #
#......# # ###.#.## #
###.## ##### ##...##
#### .).<# #⌠...⌠#
..... #####
###...####...... #
#######.##_##.@JK.._..
#
#.....#.####.###lJ....
###†##.........# ._..8
...†.#....###### ....
.....#.##.# ...
.....'.##.### ._
.....####.... .
.....'...###
.....#...#


You could see a jelly, an endoplasm, a kobold and a frilled lizard.

Vanquished Creatures
  3 gnolls (D:3)
  An adder (D:2)
  An ufetubus (D:3)
  2 worms
  2 dart slugs (D:2)
  3 endoplasms
  3 giant cockroaches
  7 goblins
  3 hobgoblins
  3 kobolds
  4 ball pythons
  A bat (D:2)
  3 frilled lizards
  5 rats (D:2)
41 creatures vanquished.

Notes
Turn   | Place    | Note
-------+----------+-------------------------------------------
     0 | D:1      | Pimp the Ghoul Warper began the quest for the Orb.
     0 | D:1      | Reached XP level 1. HP: 17/17 MP: 2/2
    16 | D:1      | You fall into a shaft and drop 1 floor!
   152 | D:2      | Reached skill level 1 in Throwing
   152 | D:2      | Reached skill level 1 in Armour
   208 | D:2      | Reached XP level 2. HP: 24/24 MP: 3/3
   327 | D:2      | Found an ancient bone altar of Kikubaaqudgha.
   467 | D:2      | Reached XP level 3. HP: 14/30 MP: 4/4
  1259 | D:3      | Found Ziylamm's Antique Armour Emporium.
  1283 | D:3      | Found a sacrificial altar of Ru.
  1327 | D:3      | Found a hazy altar of Hepliaklqana.
  1327 | D:3      | Found a stormy altar of Qazlal.
  1334 | D:3      | Became a worshipper of Qazlal Stormbringer
  1495 | D:3      | Reached XP level 4. HP: 23/37 MP: 4/6
  1904 | D:3      | Found a faded altar of an unknown god.
  2097 | D:3      | Found an iron altar of Okawaru.
  2098 | D:3      | Found a broken altar of Ashenzari.
  2099 | D:3      | Found a bloodstained altar of Trog.
  2101 | D:3      | Splashed by a jelly's acid

Illustrated notes

Levels and vault maps discovered:
D:1:      amcnicky_arrival_flooded_fountain, layout_rooms,
          dreamdust_wishing_well, minmay_lizard_pond
D:2:      minmay_general_purpose_star, layout_loops_corners, basic_altar,
          serial_glass, glass_columns_a, glass_columns_b, glass_columns_a,
          glass_columns_a, kennysheep_donut
D:3:      layout_basic, mainiacjoe_overflow_alcove_4, bloody_makhleb,
          amethyst_overflow_temple_binary, grunt_temple_overflow_open,
          serial_shops, shop, hellmonk_ecumenical_altar_crossroads

Skill      XL: |  1  2  3  4 |
---------------+-------------+-----
Throwing       | 1 |  1.4
Armour         | 1 |  1.4
Dodging        | 2 |  2.1
Unarmed Combat | 3 |  3.2
Spellcasting   | 2 |  2.1
Translocations | 3 |  3.0
Fighting       | |  2.7

Action                     |  1- 3 |  4- 6 || total
---------------------------+-------+-------++-------
  Melee: Unarmed           |   140 |    42 ||   182
         Punch             |     3 |     1 ||     4
    Use: Scroll            |       |     2 ||     2
         Potion            |       |     1 ||     1
 Armour: Leather armour    |    39 |    17 ||    56
  Dodge: Dodged            |    85 |    34 ||   119
